 Dungeon Crawl Stone Soup version 0.32-a0-450-g080537f31e (webtiles) character file.

Game seed: 10044285857366306891

249 Dittersdorf the Covered (level 6, -5/39 HPs)
             Began as a Gargoyle Fighter on Feb 23, 2024.
             Killed from afar by Ijyb (16 damage)
             ... with a bolt of light
             ... on level 3 of the Dungeon.
             The game lasted 00:02:47 (1958 turns).

Dittersdorf the Covered (Gargoyle Fighter)          Turns: 1958, Time: 00:02:48

Health: -5/39      AC: 13    Str: 26    XL:     6   Next: 12%
Magic:  6/6        EV: 10    Int: 17    God:
Gold:   131        SH:  0    Dex:  9    Spells: 5/5 levels left

rFire   . . .        j - +7 whip
rCold   . . .        c - +0 buckler
rNeg    + . .        p - +3 leather armour "Dufriv" {rF- Str+4 Int+3}
rPois   ∞            q - +0 helmet
rElec   +            s - +0 cloak
rCorr   .            (no gloves)
SInv    .            (no boots)
Will    .....        (no amulet) Stlth
                     k - +6 ring of intelligence
HPRegen 0.26/turn    o - ring of protection from fire
MPRegen 0.10/turn

%: no passive effects
@: confused
A: sickness immunity, AC +4, negative energy resistance 1, electricity
resistance, torment resistance 1, petrification resistance
a: no special abilities


You were on level 3 of the Dungeon.
You visited 1 branch of the dungeon, and saw 4 of its levels.

You collected 131 gold pieces.

Inventory:

Hand Weapons
 a - a +0 flail
 j - a +7 whip (weapon)
Armour
 c - a +0 buckler (worn)
 p - the +3 leather armour "Dufriv" (worn) {rF- Str+4 Int+3}
   (You found it on level 2 of the Dungeon)

   Str+4:     It affects your strength (+4).
   Int+3:     It affects your intelligence (+3).
   rF-:       It makes you vulnerable to fire.
 q - a +0 helmet (worn)
 s - a +0 cloak (worn)
 y - a +0 plate armour
Jewellery
 k - a +6 ring of intelligence (left hand)
 o - a ring of protection from fire (right hand)
Scrolls
 i - 2 scrolls of fog {unknown}
 l - a scroll of noise {unknown}
 m - a scroll of blinking {unknown}
 n - a scroll of revelation {unknown}
 u - a scroll of teleportation {unknown}
 x - a scroll of vulnerability {unknown}
Potions
 d - a potion of might
 f - a potion of resistance
 h - a potion of invisibility
 r - 2 potions of mutation
 t - a potion of heal wounds {unknown}
 v - a potion of magic {unknown}
 w - a potion of lignification {unknown}
 z - a potion of degeneration {unknown}


   Skills:
 + Level 4.6 Fighting
 + Level 3.4 Maces & Flails
 + Level 4.6 Armour
 + Level 4.6 Shields


You had 5 spell levels left.
You didn't know any spells.
Your spell library was empty.

Dungeon Overview and Level Annotations

Branches:
Dungeon (4/15)
 Temple: D:4-7

Altars:
Qazlal

Shops:
D:3 ?

Annotations:
D:3 Ijyb


Innate Abilities, Weirdness & Mutations

You are immune to sickness and miasma.
Your stone body is resilient. (AC +4)
You are immune to poison.
You resist negative energy. (rN+)
You are resistant to electric shocks. (rElec)
You are resistant to unholy torment.
You are immune to petrification.


Message History

You are confused.
* * * LOW HITPOINT WARNING * * *
The kobold hits you but does no damage.
You hear a shout!
In your confused state, you trip and fall back down the stairs.
* * * LOW HITPOINT WARNING * * *
The kobold hits you but does no damage.
A goblin comes into view. It is wielding a +0 antimagic dagger.
A goblin comes into view. It is wielding a +0 dagger.
You feel less confused. The kobold closely misses you. Ijyb barely misses you.
You climb upwards.
There is a stone staircase leading down here.
You barely miss Ijyb. The kobold barely misses you.
Ijyb hits you with a +0 dagger.
* * * LOW HITPOINT WARNING * * *
You whack Ijyb!
Ijyb is moderately wounded.
You hit Ijyb.
Ijyb is severely wounded.
The kobold barely misses you. Ijyb hits you but does no damage.
You hit Ijyb.
Ijyb is severely wounded.
You block the kobold's attack. Ijyb hits you but does no damage.
You closely miss Ijyb.
Ijyb is severely wounded.
The kobold hits you but does no damage. Ijyb hits you but does no damage.
You hit Ijyb.
Ijyb is severely wounded.
The kobold hits you but does no damage. You block Ijyb's attack.
You miss Ijyb.
Ijyb is severely wounded.
The kobold hits you but does no damage. Ijyb hits you with a +0 dagger.
* * * LOW HITPOINT WARNING * * *
You hit Ijyb.
Ijyb is almost dead.
You block the kobold's attack.
Ijyb zaps a wand.
The bolt of light hits you!
You are confused.
You die...
Ijyb screams, "Time for next experiment!"

##### #...# #...#
#...# #...#
######...#
#........#
#.####...# ###
##..@g....# ..#
####..K###...#
/.########.....##
#...#
......)......###
#####
..#####...####
..# #.###
#######.#
###.....#
....#####


You could see Ijyb and a kobold.

Vanquished Creatures
  An ice beast (D:3)
  A sleepcap (D:3)
  5 adders
  3 gnolls (D:2)
  A dart slug (D:1)
  A ribbon worm (D:3)
  An orc (D:3)
  7 endoplasms
  2 giant cockroaches
  5 goblins
  2 hobgoblins
  4 jackals (D:1)
  3 kobolds
  4 ball pythons
  5 bats
  2 frilled lizards (D:2)
  5 rats
52 creatures vanquished.

Notes
Turn   | Place    | Note
-------+----------+-------------------------------------------
     0 | D:1      | Dittersdorf the Gargoyle Fighter began the quest for the
                  | Orb.
     0 | D:1      | Reached XP level 1. HP: 14/14 MP: 1/1
   215 | D:1      | Reached XP level 2. HP: 16/19 MP: 2/2
   227 | D:1      | Found a faded altar of an unknown god.
   687 | D:1      | Reached XP level 3. HP: 23/23 MP: 3/3
   889 | D:2      | Found a stormy altar of Qazlal.
  1010 | D:2      | Reached XP level 4. HP: 10/29 MP: 4/4
  1168 | D:2      | Identified the +3 leather armour "Dufriv" {rF- Str+4 Int+3}
  1603 | D:3      | Noticed an ice beast
  1618 | D:3      | Killed an ice beast
  1619 | D:3      | Reached XP level 5. HP: 20/34 MP: 5/5
  1761 | D:3      | Found Cumoet's Magic Scroll Emporium.
  1833 | D:3      | Reached XP level 6. HP: 39/39 MP: 6/6
  1939 | D:4      | Noticed Ijyb
  1958 | D:3      | Killed from afar by Ijyb

Illustrated notes

Levels and vault maps discovered:
D:1:      co_arrival_hall_of_pillars, layout_loops_ring,
          shapermc_ecumenical_altar_mp_ritualfount, chequers_mini_garden,
          serial_bayou_lagoon_a
D:2:      layout_basic, basic_altar, nrook_mini_vaults
D:3:      layout_rooms, serial_shops, nicolae_shop_hallway_plus
D:4:      layout_rooms, nemelex_diamond_rough_becter,
          ashenzari_conservatory_becter, gammafunk_ghost_necromancy,
          portal_sewer_entry_f, minmay_ruptured, uniq_robin, uniq_edmund,
          uniq_sigmund, uniq_ijyb

Skill      XL: |  1  2  3  4 |
---------------+-------------+-----
Fighting       | 4 |  4.6
Armour         | 4 |  4.6
Shields        | 4 |  4.6
Maces & Flails | 3 |  3.4

Action                     |  1- 3 |  4- 6 || total
---------------------------+-------+-------++-------
  Melee: Flail             |    14 |       ||    14
         Whip              |    56 |    90 ||   146
    Use: Scroll            |       |     5 ||     5
 Armour: Scale mail        |    54 |     5 ||    59
         Leather armour    |       |    54 ||    54
  Dodge: Dodged            |    40 |    43 ||    83
  Block: Buckler           |    24 |    14 ||    38

Table legend: (Time is in decaauts)
 A = Elapsed time spent in this place.
 B = Non-inter-level travel time spent in this place.
 C = Inter-level travel time spent in this place.
 D = Time resting spent in this place.
 E = Time spent auto-exploring this place.
 F = Levels seen in this place.
 G = Mean time per level.
                   A        B        C        D        E       F      G
               +--------+--------+--------+--------+--------+-----+--------+
         Total |   1970 |   1893 |     77 |     65 |   1333 |   4 |  492.5 |
       Dungeon |   1970 |   1893 |     77 |     65 |   1333 |   4 |  492.5 |
               +--------+--------+--------+--------+--------+-----+--------+

Top non-repeatable levels by time:
     D:1: 859 daAuts
     D:2: 674 daAuts
     D:3: 426 daAuts
     D:4: 10 daAuts
